 Dungeon Crawl Stone Soup version 0.27.0-1-g7a089689b8 (webtiles) character file.

Game seed: 13732712590270454915

37 Malachi the Skirmisher (level 3, 0/28 (31) HPs)
             Began as a Palentonga Fighter on Aug 15, 2021.
             Slain by an adder (1 damage)
             ... on level 2 of the Dungeon.
             The game lasted 00:01:25 (1454 turns).

Malachi the Skirmisher (Palentonga Fighter)         Turns: 1454, Time: 00:01:27

HP:   0/28 (31)     AC:  6    Str: 20    XL:     3   Next: 21%
MP:   3/3           EV:  5    Int:  8    God:
Gold: 50            SH:  8    Dex:  9    Spells: 2/2 levels left

rFire    . . .     SeeInvis +   a - +0 war axe
rCold    . . .     Faith    .   c - +0 kite shield
rNeg     . . .     Spirit   .   b - +0 scale mail
rPois    .         Reflect  .   (no helmet)
rElec    .         Harm     .   j - scarf {+Inv}
rCorr    .         Rampage  .   (no gloves)
Will     .....                  (no barding)
Stlth    ..........             (no amulet)
HPRegen  0.09/turn              (no ring)
MPRegen  0.08/turn              (no ring)

@: drained
A: large, rugged brown scales 3, see invisible, deformed body, roll 1, armoured
tail
a: Rolling Charge, Evoke Invisibility


You were on level 2 of the Dungeon.
You visited 1 branch of the dungeon, and saw 2 of its levels.

You collected 50 gold pieces.

Inventory:

Hand Weapons
 a - a +0 war axe (weapon)
Armour
 b - a +0 scale mail (worn)
 c - a +0 kite shield (worn)
 j - a scarf of invisibility (worn)
Wands
 l - a wand of acid (10)
Scrolls
 e - 3 scrolls of identify {unknown}
 f - a scroll of fog {unknown}
 g - a scroll of fear {unknown}
 h - a scroll of teleportation {unknown}
Potions
 d - a potion of might
 i - a potion of curing {unknown}
 k - a potion of attraction {unknown}


   Skills:
 + Level 3.3 Fighting
 + Level 2.2 Axes
 + Level 2.9 Armour
 + Level 0.1 Dodging
 + Level 2.7 Shields


You had 2 spell levels left.
You didn't know any spells.
Your spell library was empty.

Dungeon Overview and Level Annotations

Branches:
Dungeon (2/15)

Altars:


Innate Abilities, Weirdness & Mutations

You are completely covered in rugged brown scales. (AC +3, +7% HP)
You have supernaturally acute eyesight. (SInv)
Armour fits poorly on your strangely shaped body.
You can roll at nearby foes to attack.
You have a long armoured tail.


Message History

Things that are here:
a +0 whip; a kobold corpse You feel drained.
You fail to use your ability.
The kobold hits you with a +0 short sword.
You hit the kobold. You tail-slap the kobold.
You kill the kobold!
Your shield and scale mail prevent you from hitting the endoplasm.
You block the endoplasm's attack.
The endoplasm hits you but does no damage.
You slash the endoplasm!
You kill the endoplasm!
The adder bites you.
You are poisoned.
The adder poisons you!
You barely miss the adder. You tail-slap the adder!
The adder is almost dead.
You feel sick.
The quokka twitches its whiskers.
The adder bites you but does no damage. You block the adder's attack.
You closely miss the adder.
The adder is almost dead.
You feel sick.
You are no longer poisoned.
The adder bites you.
* * * LOW HITPOINT WARNING * * *
You block the adder's attack. The adder bites you.
* * * LOW HITPOINT WARNING * * *
You are poisoned.
The adder poisons you!
You closely miss the adder.
The adder is almost dead.
You feel sick. You block the adder's attack. x2
Your shield prevents you from hitting the adder.
The adder is almost dead.
You feel sick.
You are no longer poisoned.
The adder bites you.
* * * LOW HITPOINT WARNING * * *
The adder bites you.
You die...

#.##
#....#####....Pā‰ˆ
....
#....#......#..ā‰ˆ
..#.#
###.#......###.ā‰ˆ
...### ##....######
#.P #...####....##
### #.#.##...####
#.###).....###
#........#########
....#....JS@.......
#.......###########
#.#.....# ..)....#
..#(....# ........#
.#######


You could see an adder and an endoplasm.

Vanquished Creatures
  8 endoplasms
  3 goblins
  2 hobgoblins
  4 jackals (D:1)
  6 kobolds
  A quokka (D:2)
  2 bats
  A frilled lizard (D:1)
  3 rats
30 creatures vanquished.

Vanquished Creatures (others)
  4 plants (D:2)
4 creatures vanquished.

Grand Total: 34 creatures vanquished

Notes
Turn   | Place    | Note
-------+----------+-------------------------------------------
     0 | D:1      | Malachi the Palentonga Fighter began the quest for the Orb.
     0 | D:1      | Reached XP level 1. HP: 19/19 MP: 1/1
   354 | D:1      | Reached XP level 2. HP: 17/25 MP: 2/2
   793 | D:1      | HP: 1/23 [jackal (2)]
  1192 | D:2      | Reached XP level 3. HP: 9/29 MP: 3/3
  1454 | D:2      | HP: 1/28 [adder (3)]
  1454 | D:2      | Slain by an adder

Illustrated notes

Levels and vault maps discovered:
D:1:      lordsloth_arrival_two_stooges, layout_rooms, minmay_tromino_i4
D:2:      layout_rooms, serial_bayou, serial_bayou_lagoon_a,
          serial_bayou_ford_a, serial_bayou_pond_d, serial_bayou_pond_d,
          basic_altar, minmay_fractal_squares_5, uniq_terence

Action                   || total
-------------------------++-------
Melee: War axe           ||    84
       Tailslap          ||     5
Armor: Scale mail        ||    48
Dodge: Dodged            ||    38
Block: Kite shield       ||    58
